 Dungeon Crawl Stone Soup version 0.31-a0-1499-ge0622b2318 (webtiles) character file.

Game seed: 5521184431371373511

41 Xavori the Trooper (level 3, -2/30 HPs)
             Began as a Djinni Chaos Knight on Dec 30, 2023.
             Was a Plaything of Xom.
             Frozen to death by an endoplasm (5 damage)
             ... on level 2 of the Dungeon.
             The game lasted 00:01:01 (7128 turns).

Xavori the Trooper (Djinni Chaos Knight)            Turns: 7128, Time: 00:01:01

Health: -2/30      AC:  7    Str: 15    XL:     3   Next: 75%
Gold:   74         EV: 12    Int: 12    God:    Xom [....*.] SH:  4 Dex: 11

rFire   + + .        a - +0 falchion (chaos)
rCold   . . .        (no shield)
rNeg    . . .        b - +2 leather armour
rPois   ∞            (no helmet)
rElec   .            (no cloak)
rCorr   .            (no gloves)
SInv    .            (boots unavailable)
Will    .....        (no amulet)
Stlth   +            h - ring of protection from cold
HPRegen 0.25/turn    (no ring)
MPRegen 0.00/turn

%: random rage (3%), infuse magic (-3 HP)
@: on berserk cooldown, flying, slowed, very slow
A: sickness immunity, fire resistance 2, cold vulnerability 1, float, innate
caster, HP casting, extra vitality 1, iridescent scales 1, large bone plates 1,
berserk 1, clumsy 1, strong 1, persistent drain
a: Renounce Religion


You were on level 2 of the Dungeon.
You worshipped Xom.
You were a beloved toy of Xom.
You visited 1 branch of the dungeon, and saw 2 of its levels.

You collected 74 gold pieces.

Inventory:

Hand Weapons
 a - a +0 falchion of chaos (weapon)
Armour
 b - a +2 leather armour (worn)
Jewellery
 h - a ring of protection from cold (left hand)
Wands
 i - a wand of flame (5)
Scrolls
 c - a scroll of butterflies
 d - a scroll of enchant weapon {unknown}
 e - a scroll of identify {unknown}
 k - a scroll of teleportation {unknown}
Potions
 f - a potion of might {unknown}
 g - a potion of curing {unknown}
 j - a potion of brilliance {unknown}


   Skills:
 + Level 3.2 Fighting
 + Level 2.9 Long Blades
 + Level 1.5 Armour
 + Level 2.5 Dodging
 * Level 1.2 Spellcasting
 * Level 1.2 Conjurations
 * Level 1.2 Hexes
   Level 0.0 Charms
 * Level 1.2 Summonings
 * Level 1.2 Necromancy
 * Level 1.2 Translocations
   Level 0.0 Transmutations
 * Level 1.2 Fire Magic
 * Level 1.2 Ice Magic
 * Level 1.2 Air Magic
 * Level 1.2 Earth Magic
 * Level 1.2 Alchemy


You knew the following spells:

 Your Spells              Type           Power      Damage    Failure   Level
a - Foxfire               Conj/Fire      12%        2x1d4     22%         1
Your spell library was empty.

Dungeon Overview and Level Annotations

Branches:
Dungeon (2/15)

Altars:


Innate Abilities, Weirdness & Mutations

You are immune to sickness and miasma.
You are immune to poison.
Your flesh is very heat resistant. (rF++)
You are vulnerable to cold. (rC-)
You float through the air rather than walking.
You learn spells naturally, not from books.
Your magical power is your life essence.
You have superior vitality. (+4 MHP)
You are partially covered in iridescent scales. (AC +2)
You are partially covered in large bone plates. (SH +4)
You sometimes lose your temper in combat.
You are clumsy. (Dex -2)
Your muscles are strong. (Str +4, Int/Dex -1)
Your health recovers twice as slowly from being drained.


Message History

The goblin hits you but does no damage. The hobgoblin barely misses you.
You block the endoplasm's attack.
Unknown command.
You barely miss the goblin. The goblin hits you but does no damage.
The endoplasm freezes you.
You are frozen.
You block the hobgoblin's attack.
Unknown command.
You are too injured to fight recklessly!
Unknown command.
You are too injured to fight recklessly!
Unknown command.
You are too injured to fight recklessly!
You are too injured to fight recklessly!
You slash the goblin! You freeze the goblin.
You kill the goblin!
The endoplasm barely misses you. The hobgoblin misses you.
You slash the hobgoblin!
You kill the hobgoblin!
You are no longer berserk.
You are exhausted.
You feel yourself slow down. The sleepcap barely misses you.
You block the endoplasm's attack. The endoplasm closely misses you.
The sleepcap releases spores at you.
* * * LOW HITPOINT WARNING * * *
You see here a hobgoblin corpse.
You hit the sleepcap. You freeze the sleepcap.
The sleepcap is moderately damaged.
The sleepcap closely misses you. You block the endoplasm's attack.
The sleepcap releases spores at you!
* * * LOW HITPOINT WARNING * * *
The endoplasm freezes you.
You are frozen.
* * * LOW HITPOINT WARNING * * *
Items here: $ ( ) [ †.
The endoplasm attacks as it pursues you!
The endoplasm closely misses you. The endoplasm freezes you.
You are frozen.
You die...
Xom chortles!

.#.. ... ...#. #..#
#... ....# #....
....# ### #
#..###...#...
##.#..†....##.#
......#f†.....# #.
#.....J##..### #.##
###....@...# #.<..
##.####..# ###....
#.......## ......
######...# #. #....
#.>.# #.##..#. #...#
#....... #...#
#.......
#####...#####.......
.<.........:........


You could see a sleepcap and an endoplasm.

Vanquished Creatures
  An adder (D:2)
  A dart slug (D:1)
  An endoplasm (D:1)
  2 giant cockroaches
  A goblin (D:2)
  5 hobgoblins
  4 jackals (D:2)
  2 ball pythons (D:1)
  3 frilled lizards (D:1)
  2 kobolds
  7 rats
29 creatures vanquished.

Notes
Turn   | Place    | Note
-------+----------+-------------------------------------------
     0 | D:1      | Xavori the Djinni Chaos Knight began the quest for the Orb.
     0 | D:1      | Reached XP level 1. HP: 20/20 MP: 0/0
   230 | D:1      | Reached XP level 2. HP: 25/25 MP: 0/0
  1702 | D:1      | XOM is BORED!
  1702 | D:1      | XOM: noise
  1908 | D:1      | XOM: silly message
  1999 | D:1      | XOM: divination: detect creatures
  2529 | D:1      | XOM is BORED!
  3446 | D:1      | XOM: silly message
  3622 | D:1      | XOM: silly message
  4219 | D:1      | XOM: give mutation
  4219 | D:1      | Gained mutation: You sometimes lose your temper in combat.
                  | [Xom's mischief]
  4509 | D:1      | XOM: divination: detect creatures
  5270 | D:1      | XOM: give mutations
  5270 | D:1      | Gained mutation: Your muscles are strong. (Str +4, Int/Dex
                  | -1) [Xom's mischief]
  5270 | D:1      | Gained mutation: You are clumsy. (Dex -2) [Xom's mischief]
  5270 | D:1      | Gained mutation: You are partially covered in large bone
                  | plates. (SH +4) [Xom's mischief]
  5270 | D:1      | Gained mutation: Your health recovers twice as slowly from
                  | being drained. [Xom's mischief]
  5690 | D:1      | XOM: god gift: runed copper ring {god gift}
  5776 | D:1      | XOM is BORED!
  5776 | D:1      | XOM: summons 2 hostile demons
  6231 | D:1      | XOM: god gift: glass wand {god gift}
  6603 | D:1      | XOM: give mutation
  6603 | D:1      | Gained mutation: You are partially covered in iridescent
                  | scales. (AC +2) [Xom's grace]
  6919 | D:2      | Reached skill level 1 in Spellcasting
  6919 | D:2      | Reached skill level 1 in Conjurations
  6919 | D:2      | Reached skill level 1 in Hexes
  6919 | D:2      | Reached skill level 1 in Summonings
  6919 | D:2      | Reached skill level 1 in Necromancy
  6919 | D:2      | Reached skill level 1 in Translocations
  6919 | D:2      | Reached skill level 1 in Fire Magic
  6919 | D:2      | Reached skill level 1 in Ice Magic
  6919 | D:2      | Reached skill level 1 in Air Magic
  6919 | D:2      | Reached skill level 1 in Earth Magic
  6919 | D:2      | Reached skill level 1 in Alchemy
  6919 | D:2      | Reached XP level 3. HP: 30/30 MP: 0/0
  6919 | D:2      | Learned a level 1 spell: Foxfire
  7056 | D:2      | XOM: god gift: 2 boomerangs
  7128 | D:2      | Frozen to death by an endoplasm

Illustrated notes

Levels and vault maps discovered:
D:1:      roderic_crossed_star, layout_basic
D:2:      layout_loops_cross, minmay_surrounded

Skill      XL: |  1  2 |
---------------+-------+-----
Spellcasting   | 1 |  1.2
Conjurations   | 1 |  1.2
Hexes          | 1 |  1.2
Summonings     | 1 |  1.2
Necromancy     | 1 |  1.2
Translocations | 1 |  1.2
Fire Magic     | 1 |  1.2
Ice Magic      | 1 |  1.2
Air Magic      | 1 |  1.2
Earth Magic    | 1 |  1.2
Alchemy        | 1 |  1.2
Fighting       | |  3.2
Long Blades    | |  2.9
Armour         | |  1.5
Dodging        | |  2.5

Action                     || total
---------------------------++-------
  Melee: Falchion          ||    77
 Armour: Leather armour    ||    51
  Dodge: Dodged            ||    57
  Block: Other             ||    12

Table legend: (Time is in decaauts)
 A = Elapsed time spent in this place.
 B = Non-inter-level travel time spent in this place.
 C = Inter-level travel time spent in this place.
 D = Time resting spent in this place.
 E = Time spent auto-exploring this place.
 F = Levels seen in this place.
 G = Mean time per level.
                   A        B        C        D        E       F      G
               +--------+--------+--------+--------+--------+-----+--------+
         Total |   7152 |   7148 |      4 |   6217 |    751 |   2 | 3576.0 |
       Dungeon |   7152 |   7148 |      4 |   6217 |    751 |   2 | 3576.0 |
               +--------+--------+--------+--------+--------+-----+--------+

Top non-repeatable levels by time:
     D:1: 6641 daAuts
     D:2: 510 daAuts
